cohdb
Replays
Latest Replays
All Replays
Popular Replays
Top Player Replays
Match Explorer
How It Works
Community
CoH3 Stats
Reddit
Sign in to upload your games and track your stats! →
Sign in with Steam
Match 45576589
Unlisted
Match 45576589
Overview
Messages
Build Orders
End
Selects Italian Infantry
250 Light Carrier
Panzergrenadier Squad
Construct Light Support Kompanie
Selects Defensive Operations
Assault Grenadier Squad
250 Light Carrier
Fire Support Elements
Panzerjäger Squad
Assault Mechanized Group
Construct Mechanized Kompanie
Selects Guastatori Squad
Marder III Tank Destroyer
Marder III Tank Destroyer
Construct Panzerarmee Kommand
Selects L6/40 Light Tank Combat Group
Selects Territory Booby Traps
8 Rad Armored Car
Armored Reserves
Panzerpioneer Squad
StuG III D Assault Gun
Guastatori Squad
Jade Vølken
Sabom
Derberos
Mike498 | Братство |
Jonesy
DirtyDan
只因未来
Jayx_KR
0
0
Comments
sign in to comment!
No comments posted yet!